 Dungeon Crawl Stone Soup version 0.25-a0-659-gdb1d69e (webtiles) character file.

Game seed: 4110629578610141875, levelgen mode: deterministic

52 CanOfBees the Gusty (level 3, -4/28 HPs)
             Began as a Demigod Air Elementalist on Mar 22, 2020.
             Killed from afar by Ijyb (7 damage)
             ... with a burst of metal fragments
             ... on level 3 of the Dungeon.
             The game lasted 00:02:39 (2043 turns).

CanOfBees the Gusty (Demigod Air Elementalist)      Turns: 2043, Time: 00:02:40

Health: -4/28      AC:  2    Str: 11    XL:     3   Next: 39%
Magic:  3/8        EV: 12    Int: 21    God:
Gold:   151        SH:  0    Dex: 16    Spells: 3/6 levels left

rFire    . . .     SeeInvis .   j - +0 short sword (drain)
rCold    . . .     Gourm    .   (no shield)
rNeg     . . .     Faith    .   s - +0 robe
rPois    .         Spirit   .   (no helmet)
rElec    .         Reflect  .   (no cloak)
rCorr    .         Harm     .   (no gloves)
MR       .....                  (no boots)
Stlth    ++........             (no amulet)
HPRegen  0.09/turn              (no ring)
MPRegen  0.11/turn              (no ring)

@: very slightly contaminated
A: high mp 1
a: no special abilities


You were on level 3 of the Dungeon.
You were hungry.

You visited 1 branch of the dungeon, and saw 3 of its levels.

You collected 151 gold pieces.

Inventory:

Hand Weapons
 e - a +0 dagger
 j - a +0 short sword of draining (weapon)
Missiles
 b - 42 sling bullets
 d - 27 stones
 g - 106 arrows
 i - 17 poisoned darts (quivered)
Armour
 s - a +0 robe (worn)
Scrolls
 f - a scroll of blinking {unknown}
 k - a scroll of amnesia {unknown}
 l - 3 scrolls of teleportation
 p - a scroll of random uselessness {unknown}
 q - a scroll of remove curse
 t - a scroll of enchant armour {unknown}
Potions
 a - a potion of magic {unknown}
 m - a potion of cancellation
 n - a potion of curing
 o - a potion of degeneration {unknown}
 r - a potion of invisibility {unknown}
Comestibles
 c - 2 rations


   Skills:
 + Level 1.1 Fighting
 - Level 1.7 Dodging
 - Level 1.7 Stealth
 + Level 2.1 Spellcasting
 + Level 1.6 Conjurations
 * Level 3.3 Air Magic


You had 3 spell levels left.
You knew the following spells:

 Your Spells              Type           Power        Failure   Level  Hunger
a - Shock                 Conj/Air       ##..         5%          1    #......
b - Swiftness             Chrm/Air       #.......     11%         2    ##.....

Your spell library contained the following spells:

 Spells                   Type           Power        Failure   Level  Hunger
 Static Discharge         Conj/Air       ##......     16%         3    ###....
 Airstrike                Air            ###.......   34%         4    #####..
 Lightning Bolt           Conj/Air       ##........   82%         5    ######.


Dungeon Overview and Level Annotations

Branches:
Dungeon (3/15)

Annotations:
D:3 Ijyb


Innate Abilities, Weirdness & Mutations

You have an increased reservoir of magic. (+10% MP)


Message History

The zap hits Ijyb.
Ijyb is heavily wounded.
The zap hits Ijyb but does no damage.
Ijyb is heavily wounded.
Casting: Shock (safe; 5% risk of failure)
Confirm with . or Enter, or press ? or * to list all spells.
Aiming: Shock (safe; 5% risk of failure)
Press: ? - help, Shift-Dir - straight line The zap hits Ijyb but does no damage.
Ijyb is heavily wounded.
The zap hits Ijyb.
Ijyb is severely wounded.
Ijyb zaps a wand.
The burst of metal fragments hits you! The burst of metal fragments hits you.
* * * LOW HITPOINT WARNING * * *
The burst of metal fragments hits you.
* * * LOW HITPOINT WARNING * * *
The burst of metal fragments misses you.
The burst of metal fragments hits you!
You die...

......>####.#
######......#
######.######
.....#.....#
####.#####.#
#####.#
...........#
#...g.#
###.#########
#.#
#.........#
#g#
#########.#
#@# #.# #.#
#.####.#
#......#
########
##### ...<#
..###


You could see Ijyb.

Vanquished Creatures
  3 adders (D:2)
  5 goblins
  2 hobgoblins
  3 kobolds (D:1)
  A ball python (D:2)
  5 bats
  7 rats
26 creatures vanquished.

Notes
Turn   | Place    | Note
-------+----------+-------------------------------------------
     0 | D:1      | CanOfBees the Demigod Air Elementalist began the quest for
                  | the Orb.
     0 | D:1      | Reached XP level 1. HP: 14/14 MP: 5/5
    76 | D:1      | Reached skill level 1 in Conjurations
   613 | D:1      | Reached XP level 2. HP: 22/22 MP: 5/7
   636 | D:1      | Learned a level 2 spell: Swiftness
   798 | D:1      | Reached skill level 3 in Air Magic
  1053 | D:2      | Found a shadowy altar of Dithmenos.
  1053 | D:2      | Found a basalt altar of Yredelemnul.
  1363 | D:2      | Reached skill level 1 in Fighting
  1363 | D:2      | Reached XP level 3. HP: 28/28 MP: 5/8
  1390 | D:2      | Found an opulent altar of Gozag.
  1455 | D:2      | Found a glowing golden altar of the Shining One.
  2035 | D:3      | Noticed Ijyb
  2043 | D:3      | Killed from afar by Ijyb

Levels and vault maps discovered:
D:1:      onia_arrival_mini_spirals, layout_loops_ring, kennysheep_another_room
D:2:      layout_loops_ring, marbit_many_paths, overflow_temple_1_default,
          overflow_temple_1_default, nicolae_dithmenos_through_a_glass_darkly
D:3:      layout_basic, chequers_ecumenical_altar_island, uniq_terence,
          uniq_ijyb

Skill      XL: |  1  2 |
---------------+-------+-----
Conjurations   | 1 |  1.6
Air Magic      | 3 |  3.3
Spellcasting   | 2 |  2.1
Fighting       | 1 |  1.1
Dodging        | |  1.7
Stealth        | |  1.7

Action                   || total
-------------------------++-------
Melee: Dagger            ||     2
       Short sword       ||     2
Throw: Dart              ||     1
 Cast: Shock             ||    47
  Use: Scroll            ||     4
  Eat: Chunk             ||     3
Armor: Robe              ||     3
Dodge: Dodged            ||    13

Table legend:
 A = Non-vault XP
 B = Vault XP
 C = Vault XP percentage of total XP
 D = Non-vault monster count
 E = Vault monster count
 F = Vault count percentage of total count
                 A         B        C        D         E       F
            +---------+---------+-------+---------+---------+-------
      Total |      73 |       2 |   2.7 |      25 |       1 |   3.8
            +---------+---------+-------+---------+---------+-------
        D:1 |      18 |       0 |   0.0 |      13 |       0 |   0.0
        D:2 |      54 |       2 |   3.6 |      11 |       1 |   8.3
        D:3 |       1 |       0 |   0.0 |       1 |       0 |   0.0
            +---------+---------+-------+---------+---------+-------
